 Dungeon Crawl Stone Soup version 0.25.1-2-g60ff931df9 (webtiles) character file.

Game seed: 17199017662646207300

149 Martska the Skirmisher (level 5, -1/42 HPs)
             Began as a Demonspawn Fighter on Aug 16, 2020.
             Slain by Pikel
             ... wielding a +1 whip of electrocution
              (20 damage)
             ... on level 4 of the Dungeon.
             The game lasted 00:05:23 (2502 turns).

Martska the Skirmisher (Demonspawn Fighter)         Turns: 2502, Time: 00:05:24

Health: -1/42      AC:  7    Str: 17    XL:     5   Next: 9%
Magic:  5/5        EV:  8    Int: 10    God:
Gold:   111        SH:  0    Dex: 18    Spells: 4/4 levels left

rFire    + . .     SeeInvis .   a - +0 war axe
rCold    . . .     Gourm    .   c - +0 kite shield
rNeg     . . .     Faith    .   b - +0 scale mail
rPois    .         Spirit   .   (no helmet)
rElec    .         Reflect  .   t - +0 cloak
rCorr    .         Harm     .   (no gloves)
MR       .....                  (no boots)
Stlth    ..........             (no amulet)
HPRegen  0.14/turn              q - +6 ring of dexterity
MPRegen  0.09/turn              (no ring)

@: confused
A: claws 1, demonic guardian 2, fire resistance 1
a: no special abilities


You were on level 4 of the Dungeon.
You were not hungry.

You visited 1 branch of the dungeon, and saw 5 of its levels.

You collected 111 gold pieces.

Inventory:

Hand Weapons
 a - a +0 war axe (weapon)
Armour
 b - a +0 scale mail (worn)
 c - a +0 kite shield (worn)
 t - a +0 cloak (worn)
Jewellery
 q - a +6 ring of dexterity (left claw)
Scrolls
 d - a scroll of remove curse {unknown}
 h - 3 scrolls of amnesia {unknown}
 l - 3 scrolls of identify {unknown}
 m - 4 scrolls of teleportation
 n - a scroll of blinking {unknown}
 r - a scroll of enchant armour {unknown}
 u - a scroll of random uselessness {unknown}
Potions
 e - 3 potions of curing {unknown}
 g - a potion of stabbing {unknown}
 i - a potion of brilliance {unknown}
 j - a potion of flight {unknown}
 k - a potion of cancellation {unknown}
 o - a potion of ambrosia {unknown}
 p - a potion of haste {unknown}
 s - a potion of mutation {unknown}
Comestibles
 f - 4 rations
 v - 4 chunks of flesh


   Skills:
 * Level 3.9 Fighting
 - Level 1.7 Axes
 + Level 3.1 Armour
 * Level 2.0 Dodging
 + Level 3.1 Shields
 * Level 1.8 Unarmed Combat


You had 4 spell levels left.
You didn't know any spells.
Your spell library was empty.

Dungeon Overview and Level Annotations

Branches:
Dungeon (5/15)
 Temple: D:4-7

Altars:
Zin

Annotations:
D:4 1 transporter, Pikel


Innate Abilities, Weirdness & Mutations

You have sharp fingernails.
A demonic guardian rushes to your aid.
Your flesh is heat resistant. (rF+)


Message History

The gnoll shaman calls upon its god to speed up the gnoll.
The gnoll seems to speed up.
The gnoll throws a stone.
The stone hits your orange demon.
The hound skeleton moves out of view.
A slave comes into view.
You hit Pikel but do no damage. Pikel hits you but does no damage.
Your orange demon closely misses the gnoll.
You block the gnoll's attack.
The gnoll throws a stone.
The stone hits your orange demon.
Pikel zaps a wand.
Your will is overpowered!
You are confused.
Your orange demon barely misses the gnoll.
You hit Pikel.
Pikel is lightly wounded.
The gnoll hits you from afar with a +0 spear.
Pikel hits you but does no damage.
Your orange demon stings the gnoll from afar!
The gnoll hits your orange demon but does no damage.
Pikel says, "Why not give up?
You'll get fed.
Maybe."
Pikel hits you with a +1 whip of electrocution.
You are electrocuted!!
You die...

.. ##.... Z###....
#....... #p..... ##.
##..g... .###..#
##...pgh# .....#
....ggKp# #...###
......4@## #.....#
........(### .##......
###.....((.###.# #......
##......(.....###....##
#.............##....###
#..#......####.......#..
..##..##.## ##.........
.##... #..# #.......##
#..# ##.## ##.....###


You could see Pikel, 3 slaves, a gnoll shaman, a hound, 3 gnolls, a hound
skeleton and a friendly orange demon (summoned).

Vanquished Creatures
  A slave (D:4)
  3 adders
  2 worms (D:2)
  2 dart slugs
  4 leopard geckos
  3 orcs
  A giant cockroach (D:1)
  6 goblins
  8 hobgoblins
  2 jackals (D:4)
  2 quokkas (D:2)
  A ball python (D:3)
  3 bats
  2 frilled lizards
  9 kobolds
  11 rats
60 creatures vanquished.

Vanquished Creatures (collateral kills)
  A bullfrog (D:4)
1 creature vanquished.

Grand Total: 61 creatures vanquished

Notes
Turn   | Place    | Note
-------+----------+-------------------------------------------
     0 | D:1      | Martska the Demonspawn Fighter began the quest for the Orb.
     0 | D:1      | Reached XP level 1. HP: 18/18 MP: 1/1
   185 | D:1      | Gained mutation: You have sharp fingernails. [demonic
                  | ancestry]
   185 | D:1      | Reached XP level 2. HP: 14/24 MP: 2/2
   386 | D:1      | Reached skill level 1 in Dodging
   681 | D:2      | Gained mutation: Your flesh is heat resistant. (rF+)
                  | [demonic ancestry]
   681 | D:2      | Reached XP level 3. HP: 29/29 MP: 3/3
  1002 | D:2      | Reached skill level 1 in Unarmed Combat
  1583 | D:3      | Gained mutation: A weak demonic guardian rushes to your
                  | aid. [demonic ancestry]
  1583 | D:3      | Reached XP level 4. HP: 36/36 MP: 4/4
  1969 | D:3      | Found a glowing silver altar of Zin.
  2159 | D:4      | Found a transporter.
  2302 | D:5      | Entered Level 5 of the Dungeon
  2302 | D:5      | Noticed a bullfrog
  2310 | D:4      | Killed a bullfrog
  2310 | D:4      | Gained mutation: A demonic guardian rushes to your aid.
                  | [demonic ancestry]
  2310 | D:4      | Reached XP level 5. HP: 29/42 MP: 5/5
  2493 | D:4      | Noticed a slave
  2495 | D:4      | Noticed Pikel
  2496 | D:4      | Noticed a slave
  2498 | D:4      | Noticed a slave
  2500 | D:4      | Killed a slave
  2501 | D:4      | Noticed a slave
  2502 | D:4      | Slain by Pikel

Illustrated notes

Levels and vault maps discovered:
D:1:      minmay_arrival_arboretum_large, layout_rooms
D:2:      layout_basic
D:3:      layout_rooms, overflow_temple_1_default
D:4:      gammafunk_cloud_chamber, layout_layer_cave, grunt_ministairs_8,
          uniq_duvessa, uniq_robin, uniq_pikel
D:5:      layout_loops_ring, minmay_temple_entry_mist, first_ration

Skill      XL: |  1  2  3  4 |
---------------+-------------+-----
Dodging        | 1 2 |  2.0
Unarmed Combat | 1 |  1.8
Armour         | 3 |  3.1
Shields        | 3 |  3.1
Fighting       | |  3.9
Axes           | |  1.7

Action                   |  1- 3 |  4- 6 || total
-------------------------+-------+-------++-------
Melee: War axe           |   118 |    56 ||   174
  Use: Potion            |     1 |       ||     1
       Scroll            |       |     1 ||     1
  Eat: Chunk             |     2 |     3 ||     5
Armor: Scale mail        |    45 |    26 ||    71
Dodge: Dodged            |    37 |    27 ||    64
Block: Kite shield       |    59 |    35 ||    94
